 Dungeon Crawl Stone Soup version 0.27.1-1-g398f81649c (webtiles) character file.

Game seed: 1515490412733536818

984 funkygono the Firebug (level 8, 0/42 HPs)
             Began as a Gargoyle Fire Elementalist on Sept 6, 2021.
             Killed by nerve-wracking pain
             ... invoked by an orc priest
              (7 damage)
             ... on level 5 of the Dungeon.
             The game lasted 00:11:25 (5345 turns).

funkygono the Firebug (Gargoyle Fire Elementalist)  Turns: 5345, Time: 00:11:26

Health: 0/42       AC: 10    Str: 12    XL:     8   Next: 18%
Magic:  6/15       EV: 12    Int: 18    God:
Gold:   727        SH:  0    Dex: 16    Spells: 2/17 levels left

rFire    . . .     SeeInvis .   i - +0 whip
rCold    . . .     Faith    .   (no shield)
rNeg     + . .     Spirit   .   a - +0 robe
rPois    ∞         Reflect  .   t - +2 hat
rElec    +         Harm     .   (no cloak)
rCorr    .         Rampage  .   k - +0 pair of gloves
Will     .....                  (no boots)
Stlth    ++........             (no amulet)
HPRegen  0.14/turn              p - +6 ring of dexterity
MPRegen  0.14/turn              (no ring)

@: no status effects
A: sickness immunity, AC +5, negative energy resistance 1, electricity
resistance, torment resistance 1, petrification resistance
a: no special abilities


You were on level 5 of the Dungeon.
You visited 1 branch of the dungeon, and saw 5 of its levels.

You collected 987 gold pieces.
You spent 260 gold pieces at shops.

Inventory:

Hand Weapons
 f - a +0 club
 i - a +0 whip (weapon)
 q - the +7 war axe "Pihuca" {flame, rElec Str+2 Int+6 Dex-5}
   (You found it on level 4 of the Dungeon)

   It burns those it strikes, dealing additional fire damage.
   Big, fiery blades are also staple armaments of hydra-hunters.
   Str:       It affects your strength (+2).
   Int:       It affects your intelligence (+6).
   Dex:       It affects your dexterity (-5).
   rElec:     It insulates you from electricity.
Missiles
 c - 122 stones
Armour
 a - a +0 robe (worn)
 h - a +0 helmet
 k - a +0 pair of gloves (worn)
 o - a +0 buckler
 t - a +2 hat (worn)
Jewellery
 p - a +6 ring of dexterity (left hand)
 s - a ring of ice
Scrolls
 r - a scroll of enchant weapon {unknown}
Potions
 b - 3 potions of heal wounds
 d - a potion of might {unknown}
 e - a potion of resistance {unknown}
 g - a potion of brilliance {unknown}
 j - 2 potions of degeneration {unknown}
 l - a potion of curing {unknown}
 m - 2 potions of attraction {unknown}
 n - a potion of flight {unknown}


   Skills:
 + Level 0.8 Fighting
 + Level 0.5 Maces & Flails
 + Level 2.1 Dodging
 - Level 2.1 Stealth
 * Level 5.1 Spellcasting
 * Level 5.1 Conjurations
 * Level 6.0 Fire Magic
 * Level 1.2 Poison Magic


You had 2 spell levels left.
You knew the following spells:

 Your Spells              Type           Power      Damage    Failure   Level
a - Foxfire               Conj/Fire      96%        2x1d8     1%          1
b - Conjure Flame         Conj/Fire      24%        6-21      4%          3
c - Sticky Flame          Conj/Fire      24%        2d5       13%         4
e - Olgreb's Toxic Radia  Pois           8%         N/A       63%         4
f - Ignite Poison         Fire/Tmut/Pois 13%        N/A       14%         3

Your spell library contained the following spells:

 Spells                   Type           Power      Damage    Failure   Level
 Sting                    Tmut/Pois      24%        1d4       11%         1
 Poisonous Vapours        Pois/Air       12%        N/A       16%         2
 Inner Flame              Hex/Fire       15%        N/A       12%         3
 Spider Form              Tmut/Pois      3%         N/A       30%         3
 Fireball                 Conj/Fire      12%        3d7       36%         5
 Summon Ice Beast         Ice/Summ       4%         N/A       78%         4
 Summon Lightning Spire   Summ/Air       4%         N/A       78%         4
 Shadow Creatures         Summ           N/A        N/A       100%        6
 Malign Gateway           Summ/Tloc      2%         N/A       100%        7
 Summon Horrible Things   Summ           2%         N/A       100%        8


Dungeon Overview and Level Annotations

Branches:
Dungeon (5/15)
 Temple: D:4-7

Altars:
Kikubaaqudgha
Makhleb
Yredelemnul

Shops:
D:2 :   D:5 *


Innate Abilities, Weirdness & Mutations

You are immune to sickness and miasma.
Your stone body is resilient. (AC +5)
You are immune to poison.
You resist negative energy. (rN+)
You are resistant to electric shocks. (rElec)
You are resistant to unholy torment.
You are immune to petrification.


Message History

You conjure some foxfire!
The orc priest miscasts a cantrip.
The foxfire hits the orc.
The orc is moderately wounded.
Unknown command.
Casting: Foxfire (safe; 1% risk of failure)
Confirm with . or Enter, or press ? or * to list all spells.
There is not enough space to conjure foxfire!
The foxfire hits the orc but does no damage.
The orc is moderately wounded.
The foxfire hits the orc but does no damage.
The orc is moderately wounded.
The foxfire hits the orc.
The orc is severely wounded.
Casting: Foxfire (safe; 1% risk of failure)
Confirm with . or Enter, or press ? or * to list all spells.
You conjure some foxfire!
Unknown command.
The foxfire hits the orc but does no damage.
The orc is severely wounded.
The foxfire hits the orc.
The orc is almost dead.
The orc priest calls upon Beogh to heal the orc.
The orc is healed somewhat.
Casting: Foxfire (safe; 1% risk of failure)
Confirm with . or Enter, or press ? or * to list all spells.
You conjure some foxfire!
The orc closely misses you.
The orc hits your foxfire with a +0 hand axe. x2
The orc priest mumbles some strange prayers to Beogh against you.
Beogh smites you!
* * * LOW HITPOINT WARNING * * *
Casting: Foxfire (safe; 1% risk of failure)
Confirm with . or Enter, or press ? or * to list all spells.
You conjure some foxfire!
The foxfire hits the orc.
The orc is severely wounded.
The foxfire hits the orc but does no damage.
The orc is severely wounded.
The orc priest invokes the aid of Beogh against you.
Pain shoots through your body!
You die...

#..... ### #....
.... ... ..... ..o.
#.# ... ..... #.#
... o)... #.# #.#
...... #.#
#.###......
##.#####v#........
#....>..@)o.......
####.#####o#)#......
#....# #.#.# .....
####.# #.#.. ....
#.# #...). ... #.#
###.#.. ## #.#
#.#... #.# .......
#.#


You could see an orc priest (ally target) and an orc.

Vanquished Creatures
  Grinder (D:5)
  Eustachio (D:4)
  A sky beast (D:5)
  A necrophage (D:5)
  A phantom (D:4)
  A bullfrog (D:4)
  A scorpion (D:4)
  A hound (D:5)
  A centaur skeleton (D:4)
  An iguana (D:5)
  A hound zombie (D:3)
  A hound skeleton (D:3)
  6 adders
  An adder zombie (D:3)
  5 worms
  2 dart slugs
  3 orcs (D:5)
  7 ball pythons
  12 bats
  10 endoplasms
  A giant cockroach (D:4)
  4 goblins
  7 hobgoblins
  A jackal (D:2)
  7 kobolds
  4 quokkas
  5 frilled lizards
  6 rats
93 creatures vanquished.

Vanquished Creatures (others)
  370 foxfires
370 creatures vanquished.

Grand Total: 463 creatures vanquished

Notes
Turn   | Place    | Note
-------+----------+-------------------------------------------
     0 | D:1      | funkygono the Gargoyle Fire Elementalist began the quest
                  | for the Orb.
     0 | D:1      | Reached XP level 1. HP: 10/10 MP: 3/3
    58 | D:1      | Got Wotuz's Volume of Nocuous Calling
   201 | D:1      | Reached XP level 2. HP: 13/15 MP: 3/5
   955 | D:1      | Reached XP level 3. HP: 19/19 MP: 2/6
   960 | D:1      | Learned a level 3 spell: Conjure Flame
  1593 | D:2      | Reached XP level 4. HP: 24/24 MP: 3/8
  1884 | D:2      | Found a faded altar of an unknown god.
  2224 | D:2      | Found Paomoad's Book Emporium.
  2376 | D:2      | Learned a level 4 spell: Sticky Flame
  2709 | D:3      | Found a basalt altar of Yredelemnul.
  2811 | D:3      | Reached XP level 5. HP: 28/28 MP: 5/9
  2932 | D:3      | Reached skill level 4 in Fire Magic
  3350 | D:3      | Found a burning altar of Makhleb.
  3465 | D:3      | Identified a scroll of acquirement
  3465 | D:3      | Acquired 742 gold pieces
  3547 | D:2      | Bought a Young Poisoner's Handbook for 260 gold pieces
  3771 | D:4      | Noticed Eustachio
  3863 | D:4      | Killed Eustachio
  3864 | D:4      | Reached XP level 6. HP: 32/32 MP: 0/11
  4026 | D:4      | Identified the +7 war axe "Pihuca" {flame, rElec Str+2
                  | Int+6 Dex-5}
  4081 | D:4      | Found an ancient bone altar of Kikubaaqudgha.
  4235 | D:4      | Reached skill level 5 in Fire Magic
  4235 | D:4      | Reached XP level 7. HP: 35/37 MP: 6/13
  4918 | D:4      | Learned a level 4 spell: Olgreb's Toxic Radiance
  4939 | D:5      | Entered Level 5 of the Dungeon
  5098 | D:5      | Noticed Grinder
  5106 | D:5      | Killed Grinder
  5107 | D:5      | Reached skill level 5 in Spellcasting
  5107 | D:5      | Reached skill level 5 in Conjurations
  5107 | D:5      | Reached skill level 1 in Poison Magic
  5107 | D:5      | Reached XP level 8. HP: 34/42 MP: 6/15
  5179 | D:5      | Learned a level 3 spell: Ignite Poison
  5255 | D:5      | Found Gyos Zuucw's Assorted Antiques.
  5332 | D:5      | Reached skill level 6 in Fire Magic
  5345 | D:5      | Killed from afar by an orc priest

Illustrated notes

Levels and vault maps discovered:
D:1:      mrwooster_arrival_statue_3, layout_rooms
D:2:      layout_basic, ebering_ecumenical_altar_rust, serial_shops,
          nicolae_shop_stone, minmay_small_reverse_x
D:3:      layout_basic, lemuel_round_altar, lemuel_zombie_altar_yredelemnul
D:4:      layout_cave_pods, marbit_many_paths, uniq_eustachio
D:5:      layout_basic, mainiacjoe_overflow_divided_tiny, serial_shops, shop,
          chequers_serial_rivers_small_b, uniq_grinder, uniq_prince_ribbit1

Skill      XL: |  1  2  3  4  5  6  7  8 |
---------------+-------------------------+-----
Dodging        | 2 |  2.1
Conjurations   | 2 3 4 5 |  5.1
Spellcasting   | 3 4 5 |  5.1
Fire Magic     | 4 5 6 |  6.0
Poison Magic   | 1 |  1.2
Fighting       | |  0.8
Maces & Flails | |  0.5
Stealth        | |  2.1

Action                   |  1- 3 |  4- 6 |  7- 9 || total
-------------------------+-------+-------+-------++-------
Melee: Whip              |     6 |     8 |       ||    14
 Cast: Foxfire           |    66 |   104 |    46 ||   216
  Use: Scroll            |     3 |     3 |     2 ||     8
 Stab: Sleeping          |       |     1 |       ||     1
Armor: Robe              |     7 |    11 |     1 ||    19
Dodge: Dodged            |    16 |    44 |     4 ||    64
